 Dungeon Crawl Stone Soup version 0.30.0-15-g856e2d3f33 (webtiles) character file.

Game seed: 3412452975330184136

1156 JoshKwa the Magician (level 8, -6/63 HPs)
             Began as a White Draconian Fire Elementalist on May 20, 2023.
             Was a Believer of Nemelex Xobeh.
             Mangled by a large slime creature (36 damage)
             ... on level 5 of the Dungeon.
             The game lasted 00:27:11 (4272 turns).

JoshKwa the Magician (DrFE)                         Turns: 4272, Time: 00:27:13

Health: -6/63      AC: 10    Str: 12    XL:     8   Next: 16%
Magic:  2/16       EV: 12    Int: 17    God:    Nemelex Xobeh [**....]
Gold:   123        SH:  0    Dex: 11    Spells: 12/18 levels left

rFire   + . .        d - +3 flail (holy)
rCold   . . .        (no shield)
rNeg    . . .        (body armour unavailable)
rPois   .            j - +2 hat
rElec   .            a - +1 cloak {Stlth+}
rCorr   +            (no gloves)
SInv    .            (no boots)
Will    .....        (no amulet)
Stlth   +++          i - ring of resist corrosion
HPRegen 0.30/turn    b - ring of fire
MPRegen 0.15/turn

%: no passive effects
@: short of breath
A: breathe frost, AC +6, unfitting armour, cold resistance 1, cold-blooded
a: Breathe Frost, Renounce Religion, Draw Escape, Draw Destruction, Draw
Summoning


You were on level 5 of the Dungeon.
You worshipped Nemelex Xobeh.
Nemelex Xobeh was pleased with you.
You visited 1 branch of the dungeon, and saw 5 of its levels.

You collected 303 gold pieces.
You spent 180 gold pieces at shops.

Inventory:

Hand Weapons
 d - a +3 flail of holy wrath (weapon)
Armour
 a - a +1 cloak of stealth (worn)
 j - a +2 hat (worn)
Jewellery
 b - a ring of fire (right hand)
 i - a ring of resist corrosion (left hand)
Scrolls
 f - 5 scrolls of teleportation
 h - 2 scrolls of fear
Potions
 c - a potion of brilliance


   Skills:
 * Level 3.4 Fighting
 + Level 2.2(2.4) Axes
 + Level 1.1(1.8) Maces & Flails
 + Level 3.0 Dodging
 + Level 2.4 Stealth
 * Level 5.9 Spellcasting
 + Level 1.0 Conjurations
 + Level 4.7 Fire Magic


You had 12 spell levels left.
You knew the following spells:

 Your Spells              Type           Power      Damage    Failure   Level
a - Foxfire               Conj/Fire      88%        2x1d8     4%          1
b - Scorch                Fire           62%        2d8       2%          2
d - Teleport Other        Tloc           5%         N/A       36%         3

Your spell library contained the following spells:

 Spells                   Type           Power      Damage    Failure   Level
 Inner Flame              Hex/Fire       19%        N/A       14%         3
 Volatile Blastmotes      Fire/Tloc      38%        2d13      14%         3
 Cigotuvi's Dreadful Rot  Necr/Pois/Air  10%        N/A       21%         2
 Gell's Gravitas          Tloc           5%         N/A       36%         3
 Flame Wave               Conj/Fire      22%        2d8       36%         4
 Dispel Undead            Necr           5%         3d7       78%         4
 Death Channel            Necr           2%         N/A       100%        6
 Dispersal                Tloc           2%         N/A       100%        6


Dungeon Overview and Level Annotations

Branches:
Dungeon (5/15)
 Temple: D:4-7

Altars:
Ashenzari
Fedhas
Nemelex Xobeh
Yredelemnul
The Shining One

Shops:
D:4 [


Innate Abilities, Weirdness & Mutations

You can breathe waves of freezing cold which knock back foes.
Your icy white scales are hard. (AC +6)
You cannot fit into any form of body armour.
Your flesh is cold resistant. (rC+)
You are cold-blooded and may be slowed by cold attacks.


Message History

Something hits the fungus.
The slime creature barely misses you.
You hit the slime creature.
The slime creature is severely wounded.
Something hits the fungus.
The slime creature misses you.
Two slime creatures merge to form a large slime creature.
Aiming: Breathe Frost (4% risk of failure)
Press: ? - help, Shift-Dir - straight line, f - jelly
Aim: a jelly (severely wounded, more vulnerable to fire, 100% to hit)
You exhale a wave of freezing cold.
The freezing breath hits the large slime creature!
The large slime creature is heavily wounded.
The large slime creature is knocked back by the freezing wind.
The freezing breath hits the jelly!
You kill the jelly!
Something hits the fungus.
The fungus begins to die.
The fungus is splashed with acid.
The acid corrodes the fungus!
Casting: Scorch (safe; 2% risk of failure)
Press: ? - help, Q - select action, (/) - cycle Dir - look around, f - activate You feel a surge of power!
Flames lash the large slime creature.
The large slime creature is burned terribly!
The large slime creature is heavily wounded.
A nearby fungus withers and dies.
A jelly comes into view.
You hit the large slime creature.
The large slime creature is heavily wounded.
The large slime creature hits you!!
You hit the large slime creature.
The large slime creature is heavily wounded.
The large slime creature hits you but does no damage.
An endoplasm comes into view.
Something hits the fungus.
The fungus begins to die.
The fungus is splashed with acid.
The acid corrodes the fungus!
Unknown command.
You barely miss the large slime creature.
The large slime creature is heavily wounded.
A nearby fungus withers and dies.
The large slime creature hits you! The large slime creature hits you!!!
Ouch! That really hurt!
You die...
Your body glows slightly and disappears.

.'รท..#.......## ####.......
##...'.########## #.......
##...##########.## #.......
.....####....#.#.# #.......
......##.[...#.#)# #.......
......'..)...#'#.# #.......
##....'))..)...#.# #.......
##....'.)......#.# ########
##....##.......#@# #.......
......###......##JJ.P... #.......
......########## #J..... #.......
.......####### ###### #.......
....?.......'#############.......
............#....................
##..........#....................
#..........#....................
#.....#..###....................


You could see a large slime creature (combustible), a jelly and an endoplasm.

Vanquished Creatures
  Edmund (D:5)
  A black bear (D:4)
  A phantom (D:4)
  2 kobold brigands (D:5)
  Blork the orc (D:5)
  2 scorpions
  A jelly (D:5)
  An orc priest (D:4)
  A hound (D:3)
  A gnoll bouda (D:5)
  An orc wizard (D:3)
  Ijyb (D:3)
  3 iguanas
  3 gnolls (D:5)
  7 adders
  3 worms (D:2)
  5 dart slugs
  17 orcs
  8 ball pythons
  6 bats
  7 endoplasms
  A giant cockroach (D:3)
  7 goblins
  6 hobgoblins
  2 jackals (D:2)
  10 kobolds
  2 quokkas
  A frilled lizard (D:3)
  5 rats
107 creatures vanquished.

Vanquished Creatures (collateral kills)
  Pargi (D:3)
1 creature vanquished.

Vanquished Creatures (others)
  16 foxfires
16 creatures vanquished.

Grand Total: 124 creatures vanquished

Notes
Turn   | Place    | Note
-------+----------+-------------------------------------------
     0 | D:1      | JoshKwa the Draconian Fire Elementalist began the quest for
                  | the Orb.
     0 | D:1      | Reached XP level 1. HP: 14/14 MP: 3/3
   284 | D:1      | Reached XP level 2. HP: 20/20 MP: 0/5
   287 | D:1      | Learned a level 2 spell: Scorch
   920 | D:2      | Reached XP level 3. HP: 25/27 MP: 2/6
  1617 | D:3      | Reached XP level 4. HP: 34/34 MP: 0/8
  1649 | D:3      | Found a blossoming altar of Fedhas.
  1683 | D:3      | Found a sparkling altar of Nemelex Xobeh.
  1712 | D:3      | Became a worshipper of Nemelex Xobeh the Trickster
  1730 | D:3      | Reached skill level 1 in Fighting
  1730 | D:3      | Reached skill level 1 in Axes
  1730 | D:3      | Reached skill level 3 in Spellcasting
  1758 | D:3      | Learned a level 4 spell: Flame Wave
  1789 | D:3      | Noticed Pargi
  1799 | D:3      | Killed Pargi
  1800 | D:3      | Reached XP level 5. HP: 27/40 MP: 0/10
  2075 | D:3      | Found a basalt altar of Yredelemnul.
  2141 | D:3      | Found a glowing golden altar of the Shining One.
  2291 | D:3      | Found a faded altar of an unknown god.
  2297 | D:3      | Found a broken altar of Ashenzari.
  2638 | D:3      | Noticed Ijyb
  2676 | D:3      | Killed Ijyb
  2677 | D:3      | Reached XP level 6. HP: 42/48 MP: 1/11
  2726 | D:4      | Reached skill level 4 in Spellcasting
  2787 | D:4      | Reached * piety under Nemelex Xobeh
  2899 | D:4      | Learned a level 3 spell: Teleport Other
  2969 | D:4      | Your scales start taking on an icy white colour.
  2969 | D:4      | Reached XP level 7. HP: 6/56 MP: 1/14
  2969 | D:4      | Gained mutation: Your flesh is cold resistant. (rC+) [White
                  | Draconian growth]
  3148 | D:4      | Found Seodghax's Antique Armour Shoppe.
  3156 | D:4      | Bought a glowing cloak for 180 gold pieces
  3290 | D:4      | Received a gift from Nemelex Xobeh
  3472 | D:5      | Entered Level 5 of the Dungeon
  3523 | D:5      | Reached skill level 5 in Spellcasting
  3720 | D:5      | Noticed Edmund
  3736 | D:5      | Killed Edmund
  3753 | D:5      | Noticed Blork the orc
  3761 | D:5      | Killed Blork the orc
  4016 | D:5      | Reached ** piety under Nemelex Xobeh
  4040 | D:5      | Received a gift from Nemelex Xobeh
  4227 | D:5      | Reached skill level 1 in Maces & Flails
  4227 | D:5      | Reached XP level 8. HP: 63/63 MP: 13/16
  4261 | D:5      | Noticed a slime creature
  4261 | D:5      | Noticed a slime creature
  4272 | D:5      | Mangled by a large slime creature

Illustrated notes

Levels and vault maps discovered:
D:1:      lightli_arrival_statue_moat, layout_loops_ring, nicolae_grassy_gnolls
D:2:      layout_basic, kennysheep_generic_room_13
D:3:      layout_basic, nicolae_overflow_ecumenical_swirl,
          mainiacjoe_overflow_cross_hatched, fedhas_ov_isle_minmay,
          mainiacjoe_overflow_catwalk, mainiacjoe_overflow_chevrons, uniq_pargi,
          uniq_ijyb
D:4:      layout_cave_pools, serial_shops, kennysheep_mini
D:5:      cheibrodos_fertilizer, layout_gridville, uniq_edmund,
          uniq_blork_the_orc

Skill      XL: |  1  2  3  4  5  6  7 |
---------------+----------------------+-----
Stealth        | 2 |  2.4
Dodging        | 2 3 |  3.0
Fighting       | 1 2 3 |  3.4
Axes           | 1 2 |  2.2
Spellcasting   | 3 4 5 |  5.9
Fire Magic     | 4 |  4.7
Maces & Flails | 1 |  1.1
Conjurations   | |  1.0

Action                     |  1- 3 |  4- 6 |  7- 9 || total
---------------------------+-------+-------+-------++-------
  Melee: Hand axe          |    59 |    94 |     8 ||   161
         Tailslap          |     5 |    11 |     6 ||    22
         Unarmed           |     1 |       |       ||     1
         Punch             |       |     1 |     1 ||     2
         Flail             |       |       |    33 ||    33
   Cast: Foxfire           |    10 |       |       ||    10
         Scorch            |    18 |    52 |    42 ||   112
 Invoke: Draw Destruction  |       |       |     1 ||     1
Ability: Breathe Frost     |       |       |     5 ||     5
    Use: Scroll            |     4 |     5 |     2 ||    11
         Potion            |       |     7 |     1 ||     8
 Armour: Skin              |    27 |    62 |    36 ||   125
  Dodge: Dodged            |    38 |   107 |    41 ||   186
